[Event "EYTCC Girls U18 2022"]
[Site "Thessaloniki"]
[Date "2022.07.13"]
[Round "2.7"]
[White "Buchholz, Maja"]
[Black "Rozmanec, Pia"]
[Result "1/2-1/2"]
[ECO "A34"]
[WhiteElo "1879"]
[BlackElo "1642"]
[Annotator "NA"]
[PlyCount "168"]
[EventDate "2022.07.12"]
[EventType "team-tourn"]
[EventCountry "GRE"]
[SourceTitle "playchess.com"]
[Source "ChessBase"]
[SourceQuality "1"]
[WhiteTeam "Germany"]
[BlackTeam "Slovenia"]
[WhiteTeamCountry "GER"]
[BlackTeamCountry "SLO"]
[TimeControl "40/5400+30:1800+30"]

1. c4 Nf6 2. g3 c5 3. Bg2 d5 4. cxd5 Nxd5 5. Nc3 Nc7 6. Nf3 Nc6 7. O-O e5 8. a3 Be6 9. b4 cxb4 10. axb4 a6 11. Ba3 f6 12. Qb1 Na7 13. Na4 Nab5 14. Bc1 Rb8 15. Nc5 Bxc5 16. bxc5 Bd5 17. d3 O-O 18. Be3 Qe7 19. Bd2 Bc6 20. Bb4 Rfe8 21. Rd1 Kh8 22. e3 Nd5 23. Qb3 Nxb4 24. Qxb4 Nc7 25. d4 exd4 26. exd4 Bd5 27. Rab1 Qe2 28. Rd2 Qb5 29. Qxb5 Nxb5 30. Nh4 Red8 31. Rbd1 Nc3 32. Re1 g6 33. Re3 Bxg2 34. Nxg2 Nd5 35. Re6 Kg7 36. Ne3 Kf7 37. Re4 Rd7 38. Nc4 Rbd8 39. Nd6+ Kg7 40. Re1 b6 41. Ne8+ Kf8 42. Nd6 Kg7 43. Kg2 bxc5 44. dxc5 Ne7 45. Ra2 Nc8 46. Rxa6 Nxd6 47. cxd6 Kf7 48. Rc1 Rxd6 49. Rc7+ R6d7 50. Rcc6 f5 51. h4 Kg8 52. Kf3 Rd3+ 53. Kf4 Rd2 54. Kg5 Rxf2 55. Rc7 Rfd2 56. Raa7 R2d6 57. Rxh7 f4 58. gxf4 Rd5+ 59. Kg4 R5d6 60. Rag7+ Kf8 61. Rf7+ Kg8 62. Rhg7+ Kh8 63. h5 gxh5+ 64. Kxh5 Rd1 65. Rg4 Rh1+ 66. Kg6 Rd6+ 67. Kf5 Rh5+ 68. Rg5 Rd5+ 69. Kg6 Rhxg5+ 70. fxg5 Kg8 71. Rf6 Rd7 72. Kh6 Rh7+ 73. Kg6 Rg7+ 74. Kf5 Rf7 75. Ke6 Rb7 76. Kf5 Rf7 77. Ke6 Rb7 78. Ke5 Rb5+ 79. Kf4 Kg7 80. Kg4 Rb1 81. Rf4 Kg6 82. Rf6+ Kg7 83. Kf5 Rf1+ 84. Ke6 Re1+ 1/2-1/2

[Event "EYTCC Girls U18 2022"]
[Site "Thessaloniki"]
[Date "2022.07.13"]
[Round "2.8"]
[White "Guid, Taja"]
[Black "Werner, Rosalie"]
[Result "0-1"]
[ECO "C02"]
[WhiteElo "1479"]
[BlackElo "1783"]
[Annotator "NA"]
[PlyCount "90"]
[EventDate "2022.07.12"]
[EventType "team-tourn"]
[EventCountry "GRE"]
[SourceTitle "playchess.com"]
[Source "ChessBase"]
[SourceQuality "1"]
[WhiteTeam "Slovenia"]
[BlackTeam "Germany"]
[WhiteTeamCountry "SLO"]
[BlackTeamCountry "GER"]
[TimeControl "40/5400+30:1800+30"]

1. e4 e6 2. d4 d5 3. e5 c5 4. c3 Nc6 5. Nf3 Qb6 6. Bd3 cxd4 7. O-O Bd7 8. Re1 Rc8 9. Nbd2 dxc3 10. bxc3 Na5 11. Rb1 Qc7 12. Bb2 a6 13. Ng5 g6 14. h4 Bb5 15. Bxb5+ axb5 16. Ba1 Qd7 17. Qf3 h6 18. Nh3 Nc4 19. Nxc4 bxc4 20. Bb2 Ra8 21. Ra1 Bg7 22. Bc1 Ne7 23. Bf4 Nc6 24. Kh2 Qc7 25. Qe3 Nb8 26. Ng1 Nd7 27. Nf3 Ra3 28. Re2 Qa5 29. Rc2 Nc5 30. Nd4 Ne4 31. Ne2 g5 32. Bg3 gxh4 33. Bf4 Kd7 34. f3 Nc5 35. Nd4 Nd3 36. Ne2 Qc7 37. Kh3 Bxe5 38. Bxh6 Bg3 39. Nd4 Bh2 40. Ne2 Bg3 41. Rf1 Raa8 42. Bg7 Rh7 43. Bf6 Rg8 44. Rd2 Nf4+ 45. Nxf4 Bxf4 0-1

[Event "EYTCC Girls U18 2022"]
[Site "Thessaloniki"]
[Date "2022.07.13"]
[Round "2.9"]
[White "Levitan, Ronit"]
[Black "Bondar, Daria"]
[Result "1/2-1/2"]
[ECO "C54"]
[WhiteElo "2084"]
[BlackElo "1566"]
[Annotator "ChessBase"]
[PlyCount "94"]
[EventDate "2022.07.12"]
[EventType "team-tourn"]
[EventCountry "GRE"]
[SourceTitle "playchess.com"]
[Source "ChessBase"]
[SourceQuality "1"]
[WhiteTeam "Israel"]
[BlackTeam "Ukraine"]
[WhiteTeamCountry "ISR"]
[BlackTeamCountry "UKR"]
[TimeControl "40/5400+30:1800+30"]

1. e4 e5 2. Nf3 Nc6 3. Bc4 Bc5 4. c3 Nf6 5. d3 a6 6. Nbd2 d6 7. h3 O-O 8. Bb3 Be6 9. Nf1 d5 10. Qe2 dxe4 11. dxe4 Bxb3 12. axb3 Ne8 13. Ng3 Nd6 14. b4 Ba7 15. O-O Qf6 16. Bg5 Qe6 17. Nh4 f6 18. Be3 Bxe3 19. Qxe3 Ne7 20. Qc5 Qc4 21. Rfd1 Rad8 22. b3 Qxc5 23. bxc5 Nb5 24. Ne2 Nc6 25. Nf5 Rxd1+ 26. Rxd1 Rd8 27. Rd5 Kf7 28. g4 g6 29. Ne3 Nba7 30. Kg2 Nc8 31. b4 N8e7 32. Rxd8 Nxd8 33. Nc4 Ke6 34. Kg3 g5 35. h4 Ng6 36. h5 Nf4 37. Kf3 Nc6 38. Ng3 Na7 39. Nb2 Nb5 40. Na4 Kd7 41. Nf5 Na3 42. Ne3 Ke6 43. Nb2 Nb1 44. Ned1 Nd2+ 45. Ke3 Nf1+ 46. Kf3 Nd2+ 47. Ke3 Nf1+ 1/2-1/2

[Event "EYTCC Girls U18 2022"]
[Site "Thessaloniki"]
[Date "2022.07.13"]
[Round "2.9"]
[White "Bashylina, Luisa"]
[Black "Kapia, Aggeliki"]
[Result "*"]
[ECO "C54"]
[WhiteElo "2041"]
[BlackElo "1230"]
[Annotator "ChessBase"]
[PlyCount "30"]
[EventDate "2022.07.12"]
[EventType "team-tourn"]
[EventCountry "GRE"]
[SourceTitle "playchess.com"]
[Source "ChessBase"]
[SourceQuality "1"]
[WhiteTeam "Germany"]
[BlackTeam "Greece"]
[WhiteTeamCountry "GER"]
[BlackTeamCountry "GRE"]
[TimeControl "40/5400+30:1800+30"]

1. e4 e5 2. Nf3 Nc6 3. Bc4 Bc5 4. c3 Nf6 5. d3 a6 6. Nbd2 d6 7. h3 O-O 8. Bb3 Be6 9. Nf1 d5 10. Qe2 dxe4 11. dxe4 Bxb3 12. axb3 Ne8 13. Ng3 Nd6 14. b4 Ba7 15. O-O Qf6 *

[Event "EYTCC Girls U18 2022"]
[Site "Thessaloniki"]
[Date "2022.07.13"]
[Round "2.10"]
[White "Russeva, Viktoria"]
[Black "Kochavi, Dana"]
[Result "0-1"]
[ECO "B10"]
[WhiteElo "1866"]
[BlackElo "1885"]
[Annotator "NA"]
[PlyCount "90"]
[EventDate "2022.07.12"]
[EventType "team-tourn"]
[EventCountry "GRE"]
[SourceTitle "playchess.com"]
[Source "ChessBase"]
[SourceQuality "1"]
[WhiteTeam "Ukraine"]
[BlackTeam "Israel"]
[WhiteTeamCountry "UKR"]
[BlackTeamCountry "ISR"]
[TimeControl "40/5400+30:1800+30"]

1. e4 c6 2. Nc3 d5 3. Nf3 dxe4 4. Nxe4 Nf6 5. Qe2 Nxe4 6. Qxe4 Nd7 7. d4 Nf6 8. Qe5 g6 9. Bg5 Bg7 10. O-O-O O-O 11. Kb1 Be6 12. Bd2 Nd5 13. Qe1 a5 14. c3 Bf5+ 15. Ka1 b5 16. Ne5 Qc7 17. g4 Be6 18. Bg2 Qd6 19. h3 f6 20. Nd3 Bf7 21. Qe4 Nxc3 22. Qxc6 Nxd1 23. Qxd6 exd6 24. Bxa8 Nxf2 25. Nxf2 Rxa8 26. Re1 f5 27. gxf5 gxf5 28. Rg1 Kf8 29. Bf4 Ra6 30. Rd1 Ke7 31. d5 Kd7 32. h4 Ra8 33. Nh3 Re8 34. Kb1 Re2 35. Rd2 Rxd2 36. Bxd2 a4 37. Ng5 Bg8 38. b3 axb3 39. axb3 h6 40. Nh3 Bxd5 41. Kc2 Bf7 42. b4 h5 43. Kd3 Be5 44. Bf4 Bc4+ 45. Ke3 Bc3 0-1

[Event "EYTCC Girls U18 2022"]
[Site "Thessaloniki"]
[Date "2022.07.13"]
[Round "2.11"]
[White "Sheikh, Anum"]
[Black "Kara, Gulce Nehir"]
[Result "0-1"]
[ECO "B43"]
[WhiteElo "1799"]
[BlackElo "1907"]
[Annotator "ChessBase"]
[PlyCount "76"]
[EventDate "2022.07.12"]
[EventType "team-tourn"]
[EventCountry "GRE"]
[SourceTitle "playchess.com"]
[Source "ChessBase"]
[SourceQuality "1"]
[WhiteTeam "England"]
[BlackTeam "Turkey"]
[WhiteTeamCountry "ENG"]
[BlackTeamCountry "TUR"]
[TimeControl "40/5400+30:1800+30"]

1. e4 c5 2. Nf3 e6 3. d4 cxd4 4. Nxd4 a6 5. Nc3 Qc7 6. Be2 b5 7. a3 Bb7 8. f4 b4 9. axb4 Bxb4 10. Qd3 Nf6 11. Bf3 Nxe4 12. Bd2 Nxd2 13. Qxd2 Bxf3 14. Nxf3 O-O 15. O-O Rc8 16. Rac1 Bxc3 17. bxc3 Qxc3 18. Qe2 Nc6 19. Rfd1 d5 20. f5 Re8 21. fxe6 fxe6 22. Rd3 Qc5+ 23. Kh1 e5 24. Ng5 h6 25. Nh3 a5 26. Rg3 Re7 27. Qd2 Qd6 28. Nf2 Rd8 29. Ng4 Re6 30. Ne3 Rf6 31. Rd1 d4 32. Nc4 Qc5 33. Qe2 Rdf8 34. Rf3 e4 35. Rxf6 Rxf6 36. Nb2 e3 37. Nd3 Qc4 38. Re1 Nb4 0-1

[Event "EYTCC Girls U18 2022"]
[Site "Thessaloniki"]
[Date "2022.07.13"]
[Round "2.12"]
[White "Kayis, Gulcan Sena"]
[Black "Pert, Nina"]
[Result "0-1"]
[ECO "B13"]
[WhiteElo "1682"]
[BlackElo "1703"]
[Annotator "NA"]
[PlyCount "78"]
[EventDate "2022.07.12"]
[EventType "team-tourn"]
[EventCountry "GRE"]
[SourceTitle "playchess.com"]
[Source "ChessBase"]
[SourceQuality "1"]
[WhiteTeam "Turkey"]
[BlackTeam "England"]
[WhiteTeamCountry "TUR"]
[BlackTeamCountry "ENG"]
[TimeControl "40/5400+30:1800+30"]

1. e4 c6 2. d4 d5 3. exd5 cxd5 4. Bd3 Nc6 5. c3 Qc7 6. Ne2 Bg4 7. O-O e6 8. Qe1 Bd6 9. f3 Bf5 10. Bxf5 exf5 11. Nf4+ Nge7 12. Nxd5 Bxh2+ 13. Kh1 Qd6 14. Nxe7 Nxe7 15. Qh4 Bg3 16. Qh3 h5 17. Nd2 h4 18. Nc4 Qf6 19. f4 O-O-O 20. Bd2 Qe6 21. Ne3 Rh5 22. Rf3 Ng6 23. Nf1 Rdh8 24. Be3 f6 25. Kg1 Ne7 26. Rc1 Qxa2 27. b4 Qb2 28. Rd1 Kb8 29. d5 Qb3 30. Ra1 Qxd5 31. Bxa7+ Kc7 32. Ne3 Qe4 33. Ra5 b6 34. Rb5 Nc8 35. Nd5+ Kc6 36. c4 Qe1+ 37. Rf1 Bf2+ 38. Kh2 Qxf1 39. Ne7+ Kd7 0-1

[Event "EYTCC Girls U18 2022"]
[Site "Thessaloniki"]
[Date "2022.07.14"]
[Round "3.1"]
[White "Lehaci, Miruna-Daria"]
[Black "Ziegenfuss, Antonia"]
[Result "1-0"]
[ECO "A34"]
[WhiteElo "2193"]
[BlackElo "2170"]
[Annotator "ChessBase"]
[PlyCount "97"]
[EventDate "2022.07.12"]
[EventType "team-tourn"]
[EventCountry "GRE"]
[SourceTitle "playchess.com"]
[Source "ChessBase"]
[SourceQuality "1"]
[WhiteTeam "Romania"]
[BlackTeam "Germany"]
[WhiteTeamCountry "ROU"]
[BlackTeamCountry "GER"]
[TimeControl "40/5400+30:1800+30"]

1. c4 c5 2. Nf3 Nf6 3. Nc3 d5 4. cxd5 Nxd5 5. d4 cxd4 6. Qxd4 Nxc3 7. Qxc3 Nc6 8. e4 e6 9. Bb5 Bd7 10. O-O Qb6 11. a4 Qc5 12. Qd3 Qd6 13. Qe2 Be7 14. Rd1 Qc7 15. a5 e5 16. a6 O-O 17. axb7 Rad8 18. Be3 Qxb7 19. Rxd7 Rxd7 20. Bxc6 Qxc6 21. Nxe5 Qe6 22. Nxd7 Qxd7 23. Rxa7 Qe6 24. Ra4 Qb3 25. Rc4 Bf6 26. Bc1 Rd8 27. g3 g6 28. Kg2 h5 29. h4 Re8 30. Rc6 Bg7 31. Qc4 Qb7 32. b4 Kh7 33. b5 Re7 34. Be3 Be5 35. Qd5 Bb8 36. b6 Re5 37. Qc4 Re7 38. Kh2 Be5 39. Rc8 Kg7 40. Qc6 Qxc6 41. Rxc6 Rb7 42. Rc5 Bb8 43. Ra5 Rd7 44. Ra8 Bd6 45. Bd4+ f6 46. Ra7 Rf7 47. Rxf7+ Kxf7 48. b7 Bb8 49. Be3 1-0

[Event "EYTCC Girls U18 2022"]
[Site "Thessaloniki"]
[Date "2022.07.14"]
[Round "3.2"]
[White "Bashylina, Luisa"]
[Black "Ciolacu, Alessia-Mihaela"]
[Result "1/2-1/2"]
[ECO "E46"]
[WhiteElo "2041"]
[BlackElo "2163"]
[Annotator "ChessBase"]
[PlyCount "96"]
[EventDate "2022.07.12"]
[EventType "team-tourn"]
[EventCountry "GRE"]
[SourceTitle "playchess.com"]
[Source "ChessBase"]
[SourceQuality "1"]
[WhiteTeam "Germany"]
[BlackTeam "Romania"]
[WhiteTeamCountry "GER"]
[BlackTeamCountry "ROU"]
[TimeControl "40/5400+30:1800+30"]

1. d4 Nf6 2. c4 e6 3. Nc3 Bb4 4. e3 O-O 5. Bd2 b6 6. Nf3 Bxc3 7. Bxc3 Ne4 8. Qc2 Bb7 9. Bd3 Nxc3 10. bxc3 Bxf3 11. gxf3 Qh4 12. O-O-O d6 13. Rdg1 Nd7 14. Rg4 Qh5 15. Rhg1 g6 16. f4 f5 17. R4g2 Kh8 18. Be2 Qh4 19. Bf3 Rad8 20. Rg5 e5 21. fxe5 dxe5 22. Bb7 f4 23. e4 f3 24. Kb2 Qxh2 25. R1g3 Rf6 26. dxe5 Nxe5 27. Rxe5 Qxg3 28. fxg3 f2 29. Rf5 Rxf5 30. exf5 f1=Q 31. fxg6 Rf8 32. g7+ Kxg7 33. Qe4 Rf2+ 34. Kb3 Qd1+ 35. Kb4 Qd6+ 36. Kb3 a5 37. Qg4+ Kh8 38. a4 Qe5 39. Qc8+ Kg7 40. Qg4+ Kf8 41. Bd5 Qf5 42. Qg8+ Ke7 43. Qg7+ Kd6 44. Qh6+ Qg6 45. Qc1 Qxg3 46. Qd1 Ke7 47. Qh5 Qh2 48. Qg5+ Kd6 1/2-1/2

[Event "EYTCC Girls U18 2022"]
[Site "Thessaloniki"]
[Date "2022.07.14"]
[Round "3.3"]
[White "Ruzic, Pia Marie"]
[Black "Levitan, Ronit"]
[Result "1/2-1/2"]
[ECO "E04"]
[WhiteElo "2025"]
[BlackElo "2084"]
[Annotator "ChessBase"]
[PlyCount "119"]
[EventDate "2022.07.12"]
[EventType "team-tourn"]
[EventCountry "GRE"]
[SourceTitle "playchess.com"]
[Source "ChessBase"]
[SourceQuality "1"]
[WhiteTeam "Slovenia"]
[BlackTeam "Israel"]
[WhiteTeamCountry "SLO"]
[BlackTeamCountry "ISR"]
[TimeControl "40/5400+30:1800+30"]

1. d4 Nf6 2. c4 e6 3. Nf3 d5 4. g3 dxc4 5. Bg2 a6 6. O-O Nc6 7. Nc3 Rb8 8. e4 Be7 9. Qe2 b5 10. Rd1 O-O 11. d5 exd5 12. e5 d4 13. exf6 Bxf6 14. Qe4 Bb7 15. Nd5 Nb4 16. Nxf6+ Qxf6 17. Qf4 c5 18. Qxf6 gxf6 19. Bf4 Rbd8 20. Bc7 Rc8 21. Ba5 Nd3 22. Rab1 Rfe8 23. Ne1 Bxg2 24. Kxg2 Ne5 25. Nf3 b4 26. Nxe5 fxe5 27. Rdc1 c3 28. bxc3 bxc3 29. Rb6 Rb8 30. Rxb8 Rxb8 31. Bc7 Rb2 32. Bxe5 Rxa2 33. Bd6 c4 34. Be5 Rd2 35. Kf3 c2 36. Bf4 c3 37. Ke4 a5 38. Kd5 a4 39. Kc4 a3 40. Kb3 Rxf2 41. Ra1 a2 42. Bc1 Rxh2 43. Rxa2 d3 44. Kxc3 Rh1 45. Kb2 Rd1 46. Ra8+ Kg7 47. Rd8 Kg6 48. g4 f6 49. Rd5 Kf7 50. Rd7+ Ke6 51. Rd8 Ke5 52. g5 fxg5 53. Bxg5 Rb1+ 54. Kc3 Kf5 55. Rxd3 Kxg5 56. Kxc2 Rf1 57. Kd2 Rf7 58. Ke2 Kg4 59. Rd1 h5 60. Rf1 1/2-1/2

[Event "EYTCC Girls U18 2022"]
[Site "Thessaloniki"]
[Date "2022.07.14"]
[Round "3.4"]
[White "Kochavi, Dana"]
[Black "Mihelic, Vesna"]
[Result "1/2-1/2"]
[ECO "C96"]
[WhiteElo "1885"]
[BlackElo "2029"]
[Annotator "ChessBase"]
[PlyCount "91"]
[EventDate "2022.07.12"]
[EventType "team-tourn"]
[EventCountry "GRE"]
[SourceTitle "playchess.com"]
[Source "ChessBase"]
[SourceQuality "1"]
[WhiteTeam "Israel"]
[BlackTeam "Slovenia"]
[WhiteTeamCountry "ISR"]
[BlackTeamCountry "SLO"]
[TimeControl "40/5400+30:1800+30"]

1. e4 e5 2. Nf3 Nc6 3. Bb5 a6 4. Ba4 Nf6 5. O-O d6 6. Re1 b5 7. Bb3 Be7 8. c3 O-O 9. h3 Na5 10. Bc2 c5 11. d4 Nd7 12. dxe5 dxe5 13. Nbd2 Bb7 14. Nf1 Nc4 15. Ng3 g6 16. b3 Ncb6 17. Bh6 Re8 18. Qd2 Qc7 19. Qe3 a5 20. a3 a4 21. b4 cxb4 22. axb4 Rac8 23. Bd3 Nc4 24. Bxc4 Qxc4 25. Rec1 f6 26. Nd2 Qc6 27. Qf3 Nb6 28. Qg4 Bf8 29. Bxf8 Kxf8 30. Ngf1 Red8 31. Qg3 Nc4 32. Rc2 Rd6 33. Rac1 Rcd8 34. Nxc4 Qxc4 35. f3 Rd1 36. Qf2 a3 37. Kh2 Rxc1 38. Rxc1 a2 39. Qb6 Ra8 40. Qxf6+ Qf7 41. Qh8+ Qg8 42. Qf6+ Qf7 43. Qh8+ Qg8 44. Qf6+ Qf7 45. Qh8+ Qg8 46. Qf6+ 1/2-1/2

[Event "EYTCC Girls U18 2022"]
[Site "Thessaloniki"]
[Date "2022.07.14"]
[Round "3.5"]
[White "Buchholz, Maja"]
[Black "Demeter, Dorina"]
[Result "0-1"]
[ECO "A37"]
[WhiteElo "1879"]
[BlackElo "2176"]
[Annotator "ChessBase"]
[PlyCount "132"]
[EventDate "2022.07.12"]
[EventType "team-tourn"]
[EventCountry "GRE"]
[SourceTitle "playchess.com"]
[Source "ChessBase"]
[SourceQuality "1"]
[WhiteTeam "Germany"]
[BlackTeam "Hungary"]
[WhiteTeamCountry "GER"]
[BlackTeamCountry "HUN"]
[TimeControl "40/5400+30:1800+30"]

1. c4 c5 2. g3 Nc6 3. Bg2 g6 4. Nc3 Bg7 5. Nf3 e6 6. d4 cxd4 7. Nb5 d5 8. cxd5 Qa5+ 9. Nd2 exd5 10. Nd6+ Kf8 11. Qb3 Nge7 12. O-O Be6 13. Nxb7 Qb6 14. Qxb6 axb6 15. Nd6 Nb4 16. a3 d3 17. e3 Nc2 18. Rb1 Rd8 19. Nb5 d4 20. Nxd4 Ba2 21. Nxc2 Bxb1 22. Nb4 Bc2 23. Nxc2 dxc2 24. Be4 Rc8 25. Nb3 f5 26. Bd3 Kf7 27. Na1 Rc7 28. Re1 Rhc8 29. Kg2 Bxb2 30. Bxb2 c1=Q 31. Rxc1 Rxc1 32. Bxc1 Rxc1 33. Nc2 Kf6 34. h4 Nc6 35. Nb4 Ne5 36. Bb5 Rc5 37. a4 Ke6 38. Nd3 Nxd3 39. Bxd3 Kd6 40. Kf3 Ra5 41. Bc2 Kc5 42. Kf4 Kb4 43. f3 Rc5 44. Bd1 Rc1 45. Be2 Kxa4 46. g4 fxg4 47. fxg4 Re1 48. Bd3 Kb4 49. h5 gxh5 50. gxh5 h6 51. Bg6 Kc3 52. Be8 Kc4 53. Bf7+ Kc5 54. Bg6 b5 55. e4 Kd4 56. Kf5 b4 57. Kf6 b3 58. Kg7 Rxe4 59. Bf7 Re7 60. Kg6 Rxf7 61. Kxf7 b2 62. Kg6 Ke5 63. Kxh6 Kf6 64. Kh7 b1=Q+ 65. Kh6 Qg1 66. Kh7 Qg7# 0-1

[Event "EYTCC Girls U18 2022"]
[Site "Thessaloniki"]
[Date "2022.07.14"]
[Round "3.6"]
[White "Juhasz, Judit"]
[Black "Werner, Rosalie"]
[Result "1/2-1/2"]
[ECO "B33"]
[WhiteElo "2037"]
[BlackElo "1783"]
[Annotator "ChessBase"]
[PlyCount "95"]
[EventDate "2022.07.12"]
[EventType "team-tourn"]
[EventCountry "GRE"]
[SourceTitle "playchess.com"]
[Source "ChessBase"]
[SourceQuality "1"]
[WhiteTeam "Hungary"]
[BlackTeam "Germany"]
[WhiteTeamCountry "HUN"]
[BlackTeamCountry "GER"]
[TimeControl "40/5400+30:1800+30"]

1. e4 c5 2. Nf3 Nc6 3. d4 cxd4 4. Nxd4 Nf6 5. Nc3 e5 6. Ndb5 d6 7. Bg5 a6 8. Na3 b5 9. Nd5 Be7 10. Bxf6 Bxf6 11. c3 Ne7 12. Nc2 Nxd5 13. Qxd5 Rb8 14. Nb4 Rb6 15. a4 Be6 16. Qd1 O-O 17. a5 Rb7 18. Nxa6 Ra7 19. Bxb5 Qa8 20. Qe2 Be7 21. O-O d5 22. f3 dxe4 23. fxe4 Bc8 24. Nb4 Rxa5 25. Rxa5 Qxa5 26. Nd5 Bc5+ 27. Kh1 Qd8 28. b4 Bd6 29. c4 Qh4 30. c5 Bb8 31. Qe3 f5 32. g3 Qd8 33. Bc4 Kh8 34. Qf2 f4 35. gxf4 exf4 36. Be2 Bh3 37. Rg1 Qe8 38. Bf3 Qe5 39. Qh4 Be6 40. Ne7 Bf7 41. Nf5 Qc3 42. Qg4 Be5 43. Nd6 Be6 44. Qh5 Bd4 45. Nb5 Qxb4 46. Nxd4 Qxd4 47. Qg5 Qc3 48. Qg2 1/2-1/2

[Event "EYTCC Girls U18 2022"]
[Site "Thessaloniki"]
[Date "2022.07.14"]
[Round "3.7"]
[White "Rozmanec, Pia"]
[Black "Wikar, Martyna"]
[Result "0-1"]
[ECO "B90"]
[WhiteElo "1642"]
[BlackElo "2208"]
[Annotator "ChessBase"]
[PlyCount "56"]
[EventDate "2022.07.12"]
[EventType "team-tourn"]
[EventCountry "GRE"]
[SourceTitle "playchess.com"]
[Source "ChessBase"]
[SourceQuality "1"]
[WhiteTeam "Slovenia"]
[BlackTeam "Poland"]
[WhiteTeamCountry "SLO"]
[BlackTeamCountry "POL"]
[TimeControl "40/5400+30:1800+30"]

1. e4 c5 2. Nf3 d6 3. d4 cxd4 4. Nxd4 Nf6 5. Nc3 a6 6. f3 e5 7. Nb3 Be7 8. Be3 Be6 9. Qd2 O-O 10. g4 d5 11. exd5 Nxd5 12. Nxd5 Bxd5 13. Bg2 Bh4+ 14. Bf2 Bxb3 15. Qxd8 Bxf2+ 16. Kxf2 Rxd8 17. Rhd1 Nc6 18. cxb3 Rac8 19. a3 Nd4 20. b4 Rc2+ 21. Kf1 b5 22. Re1 f6 23. Rad1 g5 24. Rc1 Rdc8 25. Rxc2 Rxc2 26. f4 gxf4 27. h4 f3 28. Bh1 Rh2 0-1

[Event "EYTCC Girls U18 2022"]
[Site "Thessaloniki"]
[Date "2022.07.14"]
[Round "3.8"]
[White "Marcinczyk, Monika"]
[Black "Guid, Taja"]
[Result "1-0"]
[ECO "C10"]
[WhiteElo "1991"]
[BlackElo "1479"]
[Annotator "ChessBase"]
[PlyCount "103"]
[EventDate "2022.07.12"]
[EventType "team-tourn"]
[EventCountry "GRE"]
[SourceTitle "playchess.com"]
[Source "ChessBase"]
[SourceQuality "1"]
[WhiteTeam "Poland"]
[BlackTeam "Slovenia"]
[WhiteTeamCountry "POL"]
[BlackTeamCountry "SLO"]
[TimeControl "40/5400+30:1800+30"]

1. e4 e6 2. d4 d5 3. Nc3 dxe4 4. Nxe4 Nd7 5. Nf3 Ngf6 6. Nxf6+ Nxf6 7. c3 c5 8. Be3 Qc7 9. Bb5+ Bd7 10. Bxd7+ Nxd7 11. d5 exd5 12. Qxd5 Nf6 13. Qc4 Bd6 14. Bg5 Qe7+ 15. Kf1 O-O 16. Re1 Qd8 17. g3 h6 18. Be3 Qa5 19. Kg2 Rad8 20. Qh4 Nh7 21. Bxh6 gxh6 22. Qxh6 c4 23. Re4 Qf5 24. Rhe1 Qg6 25. Qh3 f5 26. Rxc4 Rfe8 27. Rd1 Re4 28. Rxe4 fxe4 29. Nh4 Qf6 30. Qg4+ Ng5 31. Nf5 Rf8 32. Rd5 Be5 33. Rxe5 Qxe5 34. Qxg5+ Kf7 35. Nh6+ Ke6 36. Qxe5+ Kxe5 37. Ng4+ Kd5 38. Ne3+ Kc5 39. h4 b5 40. h5 b4 41. cxb4+ Kxb4 42. h6 Rh8 43. Nf5 Kc4 44. g4 Kd5 45. g5 Ke5 46. Nh4 Rg8 47. g6 Kf6 48. Kg3 Rh8 49. g7 Re8 50. Kf4 Kf7 51. Nf5 Kg6 52. Ne7+ 1-0

[Event "EYTCC Girls U18 2022"]
[Site "Thessaloniki"]
[Date "2022.07.14"]
[Round "3.9"]
[White "Kara, Gulce Nehir"]
[Black "Dereka, Konstantina"]
[Result "1-0"]
[ECO "D02"]
[WhiteElo "1907"]
[BlackElo "1451"]
[Annotator "ChessBase"]
[PlyCount "101"]
[EventDate "2022.07.12"]
[EventType "team-tourn"]
[EventCountry "GRE"]
[SourceTitle "playchess.com"]
[Source "ChessBase"]
[SourceQuality "1"]
[WhiteTeam "Turkey"]
[BlackTeam "Greece"]
[WhiteTeamCountry "TUR"]
[BlackTeamCountry "GRE"]
[TimeControl "40/5400+30:1800+30"]

1. d4 d5 2. Nf3 Nf6 3. Bf4 e6 4. e3 c5 5. c3 Nc6 6. Nbd2 Bd6 7. Bg3 O-O 8. Bd3 Re8 9. Ne5 Qc7 10. f4 c4 11. Bc2 b5 12. Qf3 a5 13. a4 Ba6 14. e4 Ne7 15. Bh4 Nxe4 16. Nxe4 dxe4 17. Bxe4 Rab8 18. axb5 Bxb5 19. Bxe7 Qxe7 20. Rxa5 f6 21. Qh5 f5 22. Bc6 Bxc6 23. Nxc6 Qc7 24. Ra7 g6 25. Rxc7 gxh5 26. Rd7 Rxb2 27. O-O Bf8 28. h4 Rd2 29. Rf3 Rd3 30. Kf2 Ra8 31. Rxd3 cxd3 32. Ke3 Ra2 33. Kxd3 Rxg2 34. Nd8 Rg6 35. c4 Bh6 36. c5 Bxf4 37. Re7 Bg3 38. c6 e5 39. dxe5 Bxe5 40. Rxe5 Rd6+ 41. Kc4 Rxd8 42. Rxf5 Kg7 43. Rxh5 Kg6 44. Rd5 Rc8 45. Kc5 Kf6 46. Rd7 h5 47. Kb6 Kf5 48. Kb7 Rg8 49. c7 Kg4 50. Rd4+ Kg3 51. c8=Q 1-0

[Event "EYTCC Girls U18 2022"]
[Site "Thessaloniki"]
[Date "2022.07.14"]
[Round "3.10"]
[White "Kapia, Aggeliki"]
[Black "Kayis, Gulcan Sena"]
[Result "1/2-1/2"]
[ECO "D20"]
[WhiteElo "1230"]
[BlackElo "1682"]
[Annotator "NA"]
[PlyCount "82"]
[EventDate "2022.07.12"]
[EventType "team-tourn"]
[EventCountry "GRE"]
[SourceTitle "playchess.com"]
[Source "ChessBase"]
[SourceQuality "1"]
[WhiteTeam "Greece"]
[BlackTeam "Turkey"]
[WhiteTeamCountry "GRE"]
[BlackTeamCountry "TUR"]
[TimeControl "40/5400+30:1800+30"]

1. d4 d5 2. c4 dxc4 3. Na3 Nf6 4. e3 e6 5. Bxc4 a6 6. Be2 Be7 7. Nf3 O-O 8. O-O Nbd7 9. Nc4 b6 10. Nfe5 Bb7 11. Bf3 Nxe5 12. Nxe5 Bd5 13. Nc6 Qe8 14. Nxe7+ Qxe7 15. Bd2 Rfd8 16. Qe2 Ne4 17. Bxe4 Bxe4 18. f3 Bb7 19. Rac1 Rac8 20. a3 Qf6 21. Rc2 h5 22. Rfc1 c5 23. dxc5 Rxc5 24. Rxc5 bxc5 25. Bc3 Qg5 26. Kf2 Qh4+ 27. Kg1 Qa4 28. Qc2 Qb5 29. Rd1 Rd5 30. e4 Rd7 31. Rxd7 Qxd7 32. Kf2 Qc7 33. Kg1 Qd6 34. Qd2 Qxd2 35. Bxd2 Kf8 36. Kf2 Ke7 37. e5 f5 38. Ke2 Bd5 39. Kd3 Kd7 40. Bg5 g6 41. Bd2 Kc6 1/2-1/2

[Event "EYTCC Girls U18 2022"]
[Site "Thessaloniki"]
[Date "2022.07.14"]
[Round "3.11"]
[White "Alexandri, Dimitra"]
[Black "Sheikh, Anum"]
[Result "1-0"]
[ECO "E32"]
[WhiteElo "1683"]
[BlackElo "1799"]
[Annotator "NA"]
[PlyCount "45"]
[EventDate "2022.07.12"]
[EventType "team-tourn"]
[EventCountry "GRE"]
[SourceTitle "playchess.com"]
[Source "ChessBase"]
[SourceQuality "1"]
[WhiteTeam "Greece"]
[BlackTeam "England"]
[WhiteTeamCountry "GRE"]
[BlackTeamCountry "ENG"]
[TimeControl "40/5400+30:1800+30"]

1. d4 Nf6 2. c4 e6 3. Nc3 Bb4 4. Qc2 O-O 5. e4 d5 6. e5 Ne4 7. Bd3 c5 8. Nf3 Nc6 9. O-O cxd4 10. Nxe4 dxe4 11. Bxe4 h6 12. Bxc6 bxc6 13. Qe4 Bb7 14. Qg4 Kh8 15. Nxd4 c5 16. Nb5 a6 17. Nd6 Bc6 18. Rd1 Qc7 19. Bf4 Ba5 20. Rd3 Kh7 21. Rh3 Rh8 22. Bxh6 gxh6 23. Qg5 1-0